 Dungeon Crawl Stone Soup version 0.27-a0-1557-g57f10a385c (webtiles) character file.

Game seed: 6442165790860334075

7 elagabalus the Chopper (level 1, 13/20 HPs)
             Began as a Deep Dwarf Berserker on July 16, 2021.
             Was a Follower of Trog.
             Quit the game on level 1 of the Dungeon.
             The game lasted 00:01:48 (142 turns).

elagabalus the Chopper (Deep Dwarf Berserker)        Turns: 142, Time: 00:01:49

Health: 13/20      AC:  2    Str: 20    XL:     1   Next: 91%
Magic:  1/1        EV: 12    Int:  7    God:    Trog [*.....]
Gold:   0          SH:  0    Dex: 12    Spells: 0/0 levels left

rFire    . . .     SeeInvis .   a - +0 hand axe
rCold    . . .     Faith    .   (no shield)
rNeg     . . .     Spirit   .   b - +0 animal skin
rPois    .         Reflect  .   (no helmet)
rElec    .         Harm     .   (no cloak)
rCorr    .         Rampage  .   (no gloves)
Will     .....                  (no boots)
Stlth    +.........             (no amulet)
HPRegen  0.00/turn              (no ring)
MPRegen  0.07/turn              (no ring)

@: on berserk cooldown, slowed, very slow
A: damage resistance, heal wounds, sense surroundings 1, no regeneration
a: Heal Wounds, Renounce Religion, Berserk


You were on level 1 of the Dungeon.
You worshipped Trog.
Trog was aware of your devotion.
You visited 1 branch of the dungeon, and saw 1 of its levels.

Inventory:

Hand Weapons
 a - a +0 hand axe (weapon)
Armour
 b - a +0 animal skin (worn)
Potions
 c - a potion of curing {unknown}


   Skills:
 - Level 2.6 Fighting
 + Level 3.9 Axes
 - Level 2.1 Armour
 - Level 2.1 Dodging


You couldn't memorise any spells.
You didn't know any spells.
Your spell library was empty.

Dungeon Overview and Level Annotations

Branches:
Dungeon (1/15)

Altars:


Innate Abilities, Weirdness & Mutations

You are resistant to damage.
You can heal yourself by infusing magical energy.
You passively map a small area around you.
You do not regenerate.


Message History

The goblin is moderately wounded.
The goblin barely misses you.
You hit the goblin.
You kill the goblin!
Trog accepts your kill.
Things that are here:
a +0 dagger; a goblin corpse
Okay, then.
A kobold comes into view. It is wielding a +0 short sword.
The kobold shouts!
You hear a shout!
The kobold hits you with a +0 short sword.
You barely miss the kobold.
The kobold hits you with a +0 short sword.
A kobold comes into view. It is wielding a +2 dagger of freezing.
You barely miss the kobold.
The kobold hits you with a +0 short sword.
A red film seems to cover your vision as you go berserk!
You feel yourself moving faster!
You feel mighty!
The kobold hits you with a +0 short sword.
You slash the kobold!
You kill the kobold!
Trog accepts your kill.
Things that are here:
a +0 short sword; a kobold corpse You feel a strong urge to attack something.
You slash the kobold!
You kill the kobold!
Trog accepts your kill.
Things that are here:
a +2 dagger of freezing; a kobold corpse You feel a strong urge to attack something.
You are no longer berserk.
You are exhausted.
You feel yourself slow down.
Found a scroll labelled LUTSUN OHEMAH.
A rat comes into view.
Why would you want to do that?
Things that are here:
a +2 dagger of freezing; a kobold corpse Are you sure you want to abandon this character and quit the game? (Confirm with "yes".)

* # # , , , , .#.
*** #.# #.# *
#.#### * # #..#≈# *
* ###.# #..≈≈# , ,
......#.#.≈#######
#.≈≈≈....@)....#,*
####
#≈≈≈.##.#######.#
..# * #≈≈##.##..##
#.# #.#
≈≈....≈≈...# #.#
#.#### .≈≈≈..≈≈.##
#.# #....#
,###≈.##≈≈.# #.#
#.##)' #≈. #...#
###.######.#### ,,
.?.
#...#*#..........#
###
,..........###♣♣♣♣♣


There were no monsters in sight!

Vanquished Creatures
  2 bats (D:1)
  2 jackals (D:1)
  A goblin (D:1)
  2 kobolds (D:1)
7 creatures vanquished.

Notes
Turn   | Place    | Note
-------+----------+-------------------------------------------
     0 | D:1      | elagabalus the Deep Dwarf Berserker began the quest for the
                  | Orb.
     0 | D:1      | Reached XP level 1. HP: 20/20 MP: 1/1
   142 | D:1      | Quit the game

Illustrated notes

Levels and vault maps discovered:
D:1:      amcnicky_arrival_underground_garden, layout_loops_ring,
          corexii_hall_statues_u, chequers_serial_rivers_small_b,
          dk_noncrumbling_2, bh_walls_and_bars

Action                   || total
-------------------------++-------
Melee: Hand axe          ||    20
Invok: Berserk           ||     1
Armor: Animal skin       ||     4
Dodge: Dodged            ||     8

Table legend: (Time is in decaauts)
 A = Elapsed time spent in this place.
 B = Non-inter-level travel time spent in this place.
 C = Inter-level travel time spent in this place.
 D = Time resting spent in this place.
 E = Time spent auto-exploring this place.
 F = Levels seen in this place.
 G = Mean time per level.
                   A        B        C        D        E       F      G
               +--------+--------+--------+--------+--------+-----+--------+
         Total |    151 |     67 |     84 |      0 |      0 |   1 |  151.0 |
       Dungeon |    151 |     67 |     84 |      0 |      0 |   1 |  151.0 |
               +--------+--------+--------+--------+--------+-----+--------+

Top non-repeatable levels by time:
     D:1: 151 daAuts
